Map: [ESL] Waterfall

Players

Serral - Winner!

  • Race: Zerg Zerg
  • Spawn Location: 1:00

ByuN

  • Race: Terran Terran
  • Spawn Location: 7:00

Event: HomeStory Cup XXII

VOD

Have the link to the VOD?

Description

Time

  • Played on: Dec. 17, 2022, 12:42 p.m.
  • Length: 17:49

All games in this series

Show
View Real Time Build Order
Export as new Build Order

Serral Zerg - Winner!

Build Orders: Pool First 

Get SALT Encoding   

  12  0:00  Drone  
  13  0:11  Overlord  
  13  0:16  Drone  
  14  0:29  Drone  
  14  0:30  Drone  
  14  0:33  Drone  
  17  0:44  Drone, Extractor  
  17  0:49  Spawning Pool  
  16  0:55  Drone  
  17  1:05  Drone  
  18  1:17  Hatchery  
  17  1:21  Drone  
  18  1:36  Zergling x2, Queen  
  21  1:40  Zergling x2  
  21  1:46  Metabolic Boost  
  22  1:53  Overlord  
  22  2:11  Queen  
  22  2:12  Zergling x4  
  26  2:21  Zergling x2  
  27  2:30  Drone  
  27  2:31  Drone  
  29  2:40  Drone  
  29  2:42  Drone  
  31  2:49  Hatchery  
  30  2:53  Drone  
  30  2:56  Queen  
  33  3:03  Overlord  
  33  3:04  Drone  
  34  3:09  Zergling x2  
  34  3:11  Zergling x2  
  35  3:20  Overlord  
  35  3:22  Zergling x2, Overlord  
  35  3:23  Drone  
  35  3:26  Drone  
  38  3:33  Drone x2  
  40  3:47  Drone  
  40  3:48  Queen, Drone x2  
  45  3:58  Zergling x4  
  45  3:59  Drone x3  
  45  4:01  Queen  
  51  4:05  Overlord  
  51  4:07  Drone  
  51  4:09  Drone x2  
  54  4:15  Baneling Nest  
  53  4:18  Queen  
  53  4:22  Drone  
  56  4:26  Drone  
  56  4:28  Drone x3  
  60  4:32  Overlord  
  60  4:34  Zergling x2  
  60  4:37  Drone x2  
  63  4:41  Overlord  
  63  4:48  Zergling x2  
  63  4:51  Drone x3  
  66  4:55  Queen x2  
  70  5:03  Zergling x2  
  70  5:04  Zergling x2  
  70  5:06  Lair  
  72  5:07  Drone x3, Extractor  
  72  5:09  Drone  
  72  5:10  Drone  
  72  5:12  Zergling x4  
  78  5:17  Baneling x4  
  78  5:18  Baneling  
  78  5:21  Zergling x6  
  78  5:22  Baneling  
  78  5:24  Drone  
  78  5:28  Overlord  
  82  5:31  Overlord  
  82  5:36  Overlord  
  82  5:41  Overlord x2  
  82  5:46  Drone x6  
  88  5:54  Drone x2  
  88  5:56  Queen  
  88  5:57  Queen  
  89  6:01  Zergling x2, Extractor  
  93  6:05  Zergling x12  
  93  6:07  Centrifugal Hooks  
  93  6:09  Zergling x6  
  102  6:19  Zergling x4  
  102  6:22  Baneling x4  
  103  6:28  Evolution Chamber x2  
  103  6:31  Baneling  
  103  6:32  Queen, Drone x2  
  103  6:38  Overlord  
  103  6:39  Zergling x8  
  108  6:48  Zergling x16  
  108  6:49  Hatchery  
  108  6:52  Zergling x2  
  107  7:05  Zerg Ground Armor Level 1, Zerg Melee Weapons Level 1  
  107  7:07  Drone x3  
  107  7:08  Drone x2  
  112  7:09  Zergling x10  
  112  7:13  Baneling x2  
  112  7:14  Zergling x6  
  120  7:19  Zergling x4  
  121  7:24  Zergling x6  
  123  7:33  Overlord x2  
  123  7:35  Zergling x2  
  120  7:38  Drone  
  120  7:42  Baneling x5  
  118  7:45  Zergling x10  
  118  7:50  Zergling x6  
  121  7:52  Hatchery  
  121  7:54  Overlord x3  
  121  7:56  Baneling x6  
  121  7:57  Baneling x2  
  120  8:04  Zergling x2  
  120  8:05  Zergling x4  
  122  8:08  Zergling x16  
  128  8:15  Drone  
  128  8:19  Zergling x6  
  132  8:22  Zergling x2  
  132  8:23  Hatchery  
  133  8:28  Zergling x2  
  133  8:29  Queen x3  
  133  8:32  Zergling x4  
  138  8:38  Zergling x18  
  138  8:41  Baneling x6  
  147  8:46  Zergling x4  
  137  8:57  Zergling x6  
  125  9:04  Zergling x4, Queen x3  
  125  9:05  Zergling x8  
  131  9:11  Zergling x2  
  131  9:12  Zergling x10  
  136  9:20  Zergling x2  
  136  9:22  Zergling x2  
  136  9:23  Zergling x4  
  140  9:26  Spore Crawler  
  140  9:29  Spore Crawler  
  138  9:33  Zergling x12  
  143  9:39  Baneling x3  
  143  9:40  Baneling x7  
  143  9:43  Zergling x10  
  107  9:53  Zergling x8  
  107  9:57  Zergling x8  
  108  10:01  Zergling x12  
  108  10:03  Baneling x3  
  108  10:06  Zergling x2  
  110  10:07  Zergling x2  
  110  10:13  Zergling x10  
  115  10:19  Zergling x4  
  113  10:24  Zergling x4  
  106  10:29  Zergling x8  
  106  10:34  Zergling x14  
  116  10:40  Zergling x6  
  119  10:43  Zerg Ground Armor Level 2  
  119  10:46  Zergling x2  
  120  10:50  Baneling x13  
  120  10:51  Baneling x2  
  120  10:54  Zergling x6  
  123  10:57  Baneling x4  
  123  10:58  Zergling x2  
  123  11:03  Zergling x8  
  127  11:10  Zergling x10  
  130  11:17  Zergling x10  
  95  11:26  Zergling x6  
  95  11:27  Zergling x12  
  95  11:30  Zergling x6  
  98  11:41  Zerg Melee Weapons Level 2  
  98  11:43  Zergling x10  
  102  11:49  Zergling x8  
  102  11:52  Baneling x6  
  106  11:55  Drone  
  106  11:57  Drone x4  
  106  12:00  Zergling x4  
  111  12:05  Zergling x6  
  114  12:09  Zergling x6  
  114  12:13  Zergling x6  
  120  12:18  Drone  
  121  12:23  Zergling x4  
  121  12:27  Zergling x2  
  121  12:28  Zergling x18  
  133  12:36  Zergling x12  
  139  12:41  Zergling x2  
  137  12:53  Zergling x22  
  142  13:00  Hatchery  
  142  13:02  Infestation Pit  
  138  13:09  Drone x2  
  138  13:10  Drone x6  
  138  13:11  Zergling x4  
  143  13:18  Zergling x4  
  146  13:22  Zergling x12  
  146  13:24  Zergling x8  
  152  13:30  Baneling x9  
  152  13:36  Zergling x2  
  152  13:37  Zergling x10  
  158  13:44  Hatchery  
  154  13:50  Zergling x16  
  154  13:51  Zergling x8  
  154  13:52  Baneling x9  
  161  13:55  Zergling x2  
  161  13:56  Zergling x4  
  159  14:06  Hive  
  159  14:09  Zergling x16  
  166  14:10  Pneumatized Carapace  
  166  14:12  Overseer  
  166  14:13  Baneling  
  166  14:14  Baneling  
  166  14:20  Zergling x4  
  166  14:23  Baneling  
  166  14:24  Baneling x3  
  167  14:26  Baneling x2  
  167  14:27  Baneling  
  142  14:39  Zergling x24  
  142  14:42  Baneling x10  
  132  14:53  Drone  
  132  14:54  Drone  
  132  14:56  Zergling x22  
  132  14:57  Zergling x2  
  145  15:00  Zergling x6  
  145  15:01  Zergling x2  
  146  15:14  Zergling x14  
  151  15:18  Baneling x7  
  151  15:21  Overseer  
  151  15:22  Viper  
  151  15:24  Adrenal Glands  
  151  15:27  Extractor  
  153  15:28  Viper  
  153  15:34  Spore Crawler  
  155  15:36  Zergling x20  
  161  15:50  Zergling x22  
  171  15:57  Spore Crawler  
  171  15:58  Baneling x3  
  171  16:02  Overlord x2  
  171  16:03  Baneling x7  
  154  16:12  Zergling x16  
  161  16:20  Hydralisk Den, Extractor  
  161  16:21  Drone x3  
  161  16:23  Zergling x8  
  160  16:41  Baneling x2  
  160  16:42  Zergling x14  
  167  16:47  Hatchery  
  166  17:00  Drone  
  167  17:02  Drone x3, Extractor  
  169  17:13  Baneling x5  
  168  17:18  Overseer  
  168  17:19  Zergling x34  
Show
View Real Time Build Order
Export as new Build Order

ByuN Terran 

Build Orders:  

Get SALT Encoding   

  12  0:00  SCV  
  13  0:12  SCV  
  14  0:17  Supply Depot  
  14  0:24  SCV  
  15  0:38  SCV  
  15  0:40  Barracks  
  16  0:43  Refinery  
  16  0:50  SCV  
  17  0:58  Barracks  
  17  1:02  SCV  
  18  1:14  SCV  
  19  1:18  Barracks  
  19  1:27  Reaper  
  20  1:35  Orbital Command  
  20  1:42  Refinery  
  20  1:45  Reaper  
  21  1:52  Supply Depot  
  21  2:02  SCV  
  21  2:07  Reaper  
  23  2:14  Reaper  
  24  2:17  SCV  
  24  2:22  Reaper  
  26  2:29  SCV  
  26  2:40  Command Center  
  26  2:43  SCV  
  27  2:49  Barracks Tech Lab  
  27  2:51  Barracks Reactor  
  27  2:57  SCV  
  28  3:00  Barracks Reactor  
  28  3:04  Supply Depot  
  28  3:09  SCV  
  28  3:10  Marine  
  30  3:13  Stimpack  
  30  3:21  SCV  
  31  3:28  Factory, Marine x2  
  31  3:30  Marine  
  31  3:33  SCV  
  35  3:38  Marine x2  
  37  3:45  SCV  
  39  3:52  Orbital Command  
  38  3:57  SCV, Marine  
  42  4:07  Marine x2  
  42  4:09  SCV  
  43  4:13  Factory Reactor, Starport  
  43  4:15  Engineering Bay  
  43  4:19  SCV  
  43  4:21  SCV  
  45  4:25  Supply Depot  
  45  4:28  Marine x2  
  45  4:29  Marine  
  48  4:31  Marine  
  48  4:35  SCV x2  
  51  4:43  Refinery  
  51  4:47  SCV x2  
  53  4:57  Marine x3  
  53  4:59  SCV  
  60  5:00  SCV  
  60  5:04  Terran Infantry Weapons Level 1  
  60  5:05  Supply Depot  
  60  5:10  Medivac x2  
  62  5:18  SCV x2, Marine x4  
  62  5:19  Factory Tech Lab  
  62  5:21  Combat Shield  
  68  5:30  SCV x2  
  70  5:38  Supply Depot  
  70  5:39  Siege Tank  
  70  5:40  Supply Depot  
  73  5:44  Marine x2  
  73  5:45  Marine x2  
  73  5:47  Marine  
  78  6:00  SCV x2, Medivac x2  
  84  6:08  Barracks  
  84  6:09  Marine  
  84  6:10  Marine x2  
  84  6:11  Barracks, Marine x2  
  88  6:17  SCV x2  
  89  6:25  Refinery  
  88  6:27  Marine  
  88  6:28  Marine x3  
  88  6:29  Marine  
  93  6:34  Supply Depot  
  93  6:44  Marine  
  94  6:53  Marine x4  
  94  6:54  Siege Tank  
  94  6:59  Marine x2  
  101  7:02  Marine  
  101  7:04  Terran Infantry Armor Level 1  
  101  7:05  SCV  
  103  7:09  Supply Depot  
  103  7:10  Supply Depot  
  103  7:11  Marine x3  
  103  7:16  Medivac  
  103  7:17  Medivac  
  103  7:19  Marine x3  
  110  7:30  Siege Tank  
  110  7:35  Marine x2  
  114  7:39  Marine x5  
  112  7:53  Marine x2  
  112  7:56  Liberator x2  
  120  8:02  Siege Tank  
  120  8:03  Supply Depot  
  120  8:04  Marine  
  124  8:05  Marine  
  124  8:08  Marine  
  124  8:12  Marine x3  
  129  8:13  Marine  
  130  8:22  Marine  
  130  8:23  Marine  
  130  8:26  Marine  
  133  8:29  Marine  
  133  8:30  Marine  
  133  8:33  Marine x2  
  137  8:37  Siege Tank  
  137  8:40  Marine  
  137  8:41  Marine  
  141  8:47  Marine  
  142  8:50  Marine  
  142  8:51  Marine x2  
  142  8:54  Marine  
  141  8:57  Marine  
  141  8:59  Marine  
  132  9:05  Marine  
  132  9:08  Marine  
  132  9:09  Marine x2  
  132  9:11  Marine  
  132  9:15  Marine  
  132  9:17  Marine  
  132  9:20  Siege Tank  
  132  9:22  Liberator x2  
  142  9:28  Supply Depot, Marine x4  
  142  9:29  Marine  
  147  9:33  Marine  
  147  9:34  Marine  
  149  9:46  Marine  
  149  9:47  Marine  
  149  9:48  Marine  
  149  9:49  Marine x2  
  149  9:51  Marine  
  149  9:52  Marine  
  119  10:03  Marine  
  119  10:05  Marine  
  119  10:06  Marine x3  
  121  10:09  Marine  
  121  10:10  Marine  
  121  10:12  Medivac, Siege Tank  
  121  10:13  Medivac  
  130  10:21  Marine  
  130  10:23  Marine  
  130  10:24  Marine x3  
  130  10:27  Marine  
  130  10:28  Marine  
  133  10:39  Marine  
  133  10:40  Marine  
  133  10:41  Marine  
  133  10:42  Liberator, Marine x2  
  141  10:43  Liberator  
  141  10:45  Siege Tank, Orbital Command  
  141  10:49  Marine  
  147  10:50  Marine  
  149  10:57  Marine  
  149  10:58  Marine  
  149  10:59  Marine  
  149  11:01  Marine  
  149  11:03  Marine  
  154  11:07  Marine x2  
  151  11:15  Marine  
  151  11:16  Marine  
  152  11:20  Marine  
  119  11:27  Marine  
  119  11:30  Marine  
  119  11:31  Marine x2  
  117  11:32  Marine  
  117  11:34  Marine  
  117  11:38  Marine  
  114  11:45  Marine  
  114  11:48  Marine x3  
  114  11:50  Marine  
  121  12:05  Marine  
  121  12:06  Marine  
  121  12:08  Barracks Tech Lab x2, Marine  
  124  12:23  Marine  
  124  12:25  Marauder  
  124  12:26  Marine  
  124  12:27  Supply Depot x2, Concussive Shells, Marauder x2  
  132  12:33  Widow Mine, Marauder  
  132  12:34  Medivac x2, Widow Mine  
  139  12:37  Engineering Bay  
  139  12:38  Armory  
  139  12:41  Marine  
  140  12:46  Marauder  
  140  12:51  Marauder x2, Marine  
  146  12:54  Marine  
  146  12:55  Widow Mine x2  
  143  12:58  Marine  
  143  13:01  Supply Depot  
  143  13:04  Sensor Tower  
  143  13:07  Marine  
  144  13:13  Marauder x2  
  148  13:26  Medivac x2  
  152  13:28  Widow Mine x2  
  152  13:29  Terran Infantry Weapons Level 2  
  152  13:33  Terran Infantry Armor Level 2  
  156  13:44  Supply Depot  
  156  13:54  Marauder x2  
  156  14:04  Widow Mine x2  
  156  14:05  Marauder  
  156  14:06  Marauder  
  156  14:08  Marine x2  
  165  14:14  Orbital Command  
  165  14:15  Marine  
  166  14:18  Medivac x2  
  170  14:24  Marauder  
  170  14:27  Marauder  
  170  14:30  Marauder  
  160  14:38  Marauder, Marine  
  160  14:40  Marine  
  146  14:46  Marauder  
  146  14:48  Marauder  
  146  14:52  Widow Mine, Marine  
  117  14:57  Marine  
  114  15:00  Marauder  
  116  15:12  Widow Mine, Marine x2  
  116  15:13  Marine  
  116  15:14  Widow Mine  
  121  15:22  Marine x2  
  121  15:25  Marauder  
  125  15:30  Marine x3  
  128  15:38  Widow Mine  
  128  15:40  Marine x2  
  132  15:44  Widow Mine  
  132  15:45  Marine  
  132  15:47  Marine  
  132  15:48  Marauder, Marine  
  137  15:57  Marine  
  137  15:58  Marine  
  137  15:59  Refinery  
  137  16:00  Refinery  
  137  16:03  Marine  
  140  16:05  Marine  
  125  16:14  Marauder, Marine  
  125  16:15  Marine x2  
  129  16:21  Marine  
  129  16:23  Marine  
  131  16:30  Barracks x3  
  131  16:32  Marine  
  129  16:33  Marine x2  
  129  16:35  Marine  
  129  16:39  Marine  
  134  16:41  Marine  
  135  16:50  Marine  
  135  16:51  Marine  
  135  16:52  Marauder  
  135  16:54  Widow Mine, Marauder  
  143  16:57  Marine  
  143  16:59  Marine  
  143  17:08  Marine  
  146  17:09  Marine  
  146  17:12  Marine  
  146  17:15  Marauder, Marine  
  152  17:16  Marine  
  151  17:23  Marine  
  151  17:24  Widow Mine  
  151  17:26  Marine  
  151  17:27  Marine  
  135  17:30  Marine x2  
Tags
 
Matchup
TvZ
Opening
Pool First
Replay Pack
hsc22
Spawn Locations
Cross Positions
Add a new tag
Caveats
  • Supply blocks, unpowered buildings, or Contaminate may cause inaccurate times.
  • Supply counts are checked every 10 seconds.